 Dungeon Crawl Stone Soup version 0.21-a0-465-g8120a92d9c (webtiles) character file.

75 Maia the Skirmisher (level 4, 25/25 HPs)
             Began as a Vine Stalker Wanderer on Feb 25, 2017.
             Quit the game on level 2 of the Dungeon on Nov 21, 2017.
             The game lasted 00:04:59 (2836 turns).

Maia the Skirmisher (Vine Stalker Wanderer)         Turns: 2836, Time: 00:04:59

Health: 25/25      AC: 11    Str: 17    XL:     4   Next: 31%
Magic:  5/5        EV:  8    Int: 12    God:
Gold:   59         SH:  3    Dex: 12    Spells: 3/3 levels left

rFire    . . .     SeeInvis .   d - +0 short sword (elec)
rCold    . . .     Gourm    .   i - +0 buckler
rNeg     . . .     Faith    +   a - +2 scale mail
rPois    .         Spirit   +   k - +2 helmet
rElec    .         Reflect  .   (no cloak)
rCorr    .         Harm     .   (no gloves)
MR       .....                  (no boots)
Stlth    +.........             n - amulet of faith
HPRegen  0.48/turn              (no ring)
MPRegen  0.09/turn              (no ring)

@: no status effects
A: fangs 2, regeneration 1, magic shield, antimagic bite, no potion heal 3, rot
immunity
a: no special abilities


You were on level 2 of the Dungeon.
You were not hungry.

You visited 1 branch of the dungeon, and saw 2 of its levels.

You collected 59 gold pieces.

Inventory:

Hand Weapons
 d - a +0 short sword of electrocution (weapon)
Armour
 a - a +2 scale mail (worn)
 i - a +0 buckler (worn)
 k - a +2 helmet (worn)
Jewellery
 n - an amulet of faith (around neck)
Scrolls
 b - a scroll of enchant armour {unknown}
 c - a scroll of teleportation
 e - a scroll of amnesia {unknown}
 l - a scroll of immolation {unknown}
 o - a scroll of recharging
 q - a scroll of remove curse {unknown}
 r - a scroll of fear {unknown}
Potions
 j - a potion of might {unknown}
 p - a potion of heal wounds {unknown}
Comestibles
 f - 6 fruits
 g - a meat ration
 h - a royal jelly
 m - 4 chunks of flesh


   Skills:
 + Level 4.0 Fighting
   Level 1.7(2.1) Axes
   Level 1.7(2.1) Maces & Flails
 - Level 1.5 Armour
 - Level 2.4 Stealth


You had 3 spell levels left.
You didn't know any spells.

Dungeon Overview and Level Annotations

Branches:
Dungeon (2/15)

Altars:


Innate Abilities, Weirdness & Mutations

You have extremely sharp teeth.
Your natural rate of healing is unusually fast.
When hurt, damage is shared between your health and your magic reserves.
Your bite disrupts and absorbs the magic of your enemies.
Potions cannot restore your health.
You are immune to rotting.


Message History

You hit the bat.
You kill the bat!
No target in view!
No target in view!
Save game and exit?
Welcome back, Maia the Vine Stalker Wanderer.
Press ? for a list of commands and other information.
Sorry, you're not good enough to have a special ability.
Put on which piece of jewellery? (? for menu, Esc to quit)
Okay, then.
Unknown command.
Unknown command.
Are you sure you want to abandon this character and quit the game? (Confirm with "yes".)
Okay, then.
Unknown command.
Unknown command.
Unknown command.
Unknown command.
Okay, then.
Are you sure you want to abandon this character and quit the game? (Confirm with "yes".)

#.#### ###
#....##....
#.......... #
####..........
.##.............
................
##
#####.............
.#####.
........@........
.##...
###.............
.##.#
##............
....##
#.......##....
.....### #.#######
### ..##...#####(#
†......#.....#
##.##..#.#####
##.###......###


There were no monsters in sight!

Vanquished Creatures
  3 adders (D:2)
  2 dart slugs
  2 leopard geckos
  A giant cockroach (D:2)
  2 goblins
  3 hobgoblins
  7 jackals (D:1)
  9 kobolds
  3 bats
  8 frilled lizards
  6 rats (D:1)
46 creatures vanquished.

Notes
Turn   | Place    | Note
-------+----------+-------------------------------------------
     0 | D:1      | Maia the Vine Stalker Wanderer began the quest for the Orb.
     0 | D:1      | Maia set off with: a +2 scale mail, a +0 mace, a scroll of teleportation, a +0 dagger, a bread ration
     0 | D:1      | Reached XP level 1. HP: 11/11 MP: 2/2
    24 | D:1      | Reached skill level 2 in Fighting
   261 | D:1      | Reached XP level 2. HP: 16/16 MP: 3/3
   530 | D:1      | Reached skill level 3 in Fighting
   719 | D:1      | Reached XP level 3. HP: 20/20 MP: 4/4
  2705 | D:2      | Gained mutation: Your natural rate of healing is unusually fast. [Vine Stalker growth]
  2705 | D:2      | Reached XP level 4. HP: 18/25 MP: 3/5
  2823 | D:2      | Reached skill level 4 in Fighting
  2834 | D:2      | Upgraded the game from 0.20-a0-751-g905781e to 0.21-a0-465-g8120a92d9c
  2836 | D:2      | Quit the game

Vault maps used:
D:1:      dpeg_arrival_connections
D:2:      nicolae_overflow_hidden_temple, yredelemnul_forgotten_temple_becter,
          nicolae_overflow_crystal_walls, gammafunk_temple_overflow_pools

Skill      XL: |  1  2  3  4 |
---------------+-------------+-----
Fighting       | 2 3 4 |  4.0
Axes           | |  1.7
Maces & Flails | |  1.7
Armour         | |  1.5
Stealth        | |  2.4

Action                   |  1- 3 |  4- 6 || total
-------------------------+-------+-------++-------
Melee: Mace              |    22 |       ||    22
       Bite              |    24 |     5 ||    29
       Whip              |    66 |       ||    66
       Short sword       |    16 |    19 ||    35
  Eat: Chunk             |     2 |       ||     2
       Bread ration      |     1 |       ||     1
Armor: Scale mail        |    74 |    16 ||    90
Dodge: Dodged            |    68 |    12 ||    80
Block: Buckler           |    14 |     3 ||    17

Table legend:
 A = Spawn XP
 B = Non-spawn XP
 C = Spawn XP percentage of total XP
 D = Spawn monster count
 E = Non-spawn monster count
 F = Spawn count percentage of total count
 G = Total turns spent on level
                    A         B        C        D         E        F      G
               +---------+---------+-------+---------+---------+-------+---------
         Total |       0 |       0 |   N/A |       0 |       0 |   N/A |     2
               +---------+---------+-------+---------+---------+-------+---------
               +---------+---------+-------+---------+---------+-------+---------
